 Dungeon Crawl Stone Soup version 0.19-a0-831-gce7da8b (webtiles) character file.

589 4thArraOfDagon the Skirmisher (level 7, -12/64 HPs)
             Began as a Minotaur Abyssal Knight on June 30, 2016.
             Was a Believer of Lugonu.
             Mangled by Duvessa
             ... wielding a +1 short sword of electrocution
              (14 damage)
             ... on level 6 of the Dungeon.
             The game lasted 00:07:55 (1547 turns).

4thArraOfDagon the Skirmisher (MiAK)                Turns: 1547, Time: 00:07:56

Health: -12/64     AC:  9    Str: 18    XL:     7   Next: 15%
Magic:  6/6        EV:  8    Int:  9    God:    Lugonu [**....]
Gold:   90         SH:  0    Dex: 14    Spells: 0 memorised, 6 levels left

rFire  . . .     SeeInvis .     n - +0 hand axe (venom)
rCold  . . .     Gourm    .     p - +0 chain mail
rNeg   . . .     Faith    .     (no shield)
rPois  .         Spirit   .     (helmet restricted)
rElec  .         Dismiss  .     (no cloak)
rCorr  .         Reflect  .     (no gloves)
SustAt .         Harm     .     (no boots)
MR     +....                    (no amulet)
Stlth  ..........               m - ring of protection from magic
                                i - +4 ring of dexterity

@: somewhat resistant to hostile enchantments, extremely unstealthy
A: retaliatory headbutt, horns 2, dopey 1, low mp 1, strong 1
a: Depart the Abyss, Bend Space, Renounce Religion


You were on level 6 of the Dungeon.
You worshipped Lugonu.
Lugonu was pleased with you.
You were not hungry.

You visited 1 branch of the dungeon, and saw 6 of its levels.
You visited the Abyss 1 time.
You also visited: Sewer.

You collected 118 gold pieces.
You spent 28 gold pieces at shops.

Inventory:

Hand Weapons
 a - a +1 hand axe
 n - a +0 hand axe of venom (weapon)
Missiles
 h - 2 throwing nets (quivered)
Armour
 e - a +0 ring mail
 p - a +0 chain mail (worn)
Jewellery
 d - an uncursed ring of ice
 i - a +4 ring of dexterity (left hand)
 m - a ring of protection from magic (right hand)
Scrolls
 b - a scroll of teleportation
 g - a scroll of magic mapping
 j - 4 scrolls of remove curse {unknown}
 k - 4 scrolls of immolation {unknown}
 l - 2 scrolls of enchant weapon {unknown}
 o - a scroll of enchant armour {unknown}
Potions
 r - 2 potions of cancellation
Comestibles
 c - 2 bread rations
 f - 3 fruits


   Skills:
 + Level 6.4 Fighting
 + Level 5.1 Axes
 + Level 5.0 Armour
 + Level 3.1 Dodging
 + Level 0.1 Stealth
 + Level 2.1 Invocations


You had 6 spell levels left.
You didn't know any spells.

Dungeon Overview and Level Annotations

Branches:
Dungeon (6/15)
 Temple: D:4-7

Altars:
Ashenzari

Shops:
D:4 =**?[

Annotations:
D:3 Grinder
D:6 Dowan, Duvessa


Innate Abilities, Weirdness & Mutations

You reflexively headbutt those who attack you in melee.
You have a pair of horns on your head.
You are dopey. (Int -2)
Your magical capacity is low. (-10% MP)
Your muscles are strong. (Str +2)


Message History

The puff of flame hits you!
Unknown command.
You hit Duvessa but do no damage.
Duvessa is moderately wounded.
You barely miss Dowan. Duvessa hits you but does no damage.
You are electrocuted!
* * * LOW HITPOINT WARNING * * *
Duvessa hits you but does no damage. Dowan hits you but does no damage.
Unknown command.
Unknown command.
You feel better. Duvessa hits you but does no damage.
You are electrocuted!
* * * LOW HITPOINT WARNING * * *
Dowan hits you but does no damage.
Unknown command.
Unknown command.
You feel better.
Duvessa hits you with a short sword of electrocution.
* * * LOW HITPOINT WARNING * * *
Duvessa hits you but does no damage.
You are electrocuted!
You die...

. ... . ..# #.
#.. ###. ..
##...# #.#
##.....#..#
.......e..#
......e@.?#
.....(.......#
......####..##
...... .#
..... .# .....
# #... ###.


You could see Duvessa and Dowan.

Vanquished Creatures
  A yak (D:5)
  An ogre (D:5)
  A crimson imp (D:5)
  A hound (D:4)
  4 orc wizards
  Ijyb (D:3)
  A worker ant (D:4)
  Robin (D:3)
  5 adders
  A worm (D:4)
  4 giant geckos
  10 orcs
  A ball python (D:1)
  4 giant cockroaches
  7 goblins (D:3)
  4 hobgoblins
  6 jackals
  3 kobolds
  3 quokkas
  2 bats
  A giant newt (D:1)
  4 rats
66 creatures vanquished.

Notes
Turn   | Place    | Note
--------------------------------------------------------------
     0 | Abyss:1  | 4thArraOfDagon the Minotaur Abyssal Knight began the quest for the Orb.
     0 | Abyss:1  | Reached XP level 1. HP: 19/19 MP: 1/1
    14 | Abyss:1  | Found a corrupted altar of Lugonu.
    39 | Abyss:1  | Noticed a raiju
    75 | Abyss:2  | Noticed a large abomination
    80 | Abyss:2  | Noticed a raiju
    87 | Abyss:2  | Noticed a hellwing
    95 | D:1      | Escaped the Abyss
   185 | D:1      | Reached * piety under Lugonu
   215 | D:1      | Reached XP level 2. HP: 25/27 MP: 2/2
   241 | D:2      | Found a shattered altar of Ashenzari.
   456 | D:2      | Reached skill level 4 in Fighting
   507 | D:3      | Noticed Grinder
   514 | D:3      | Gained mutation: Your magical capacity is low. (-10% MP) [potion of mutation]
   514 | D:3      | Gained mutation: Your muscles are strong. (Str +2) [potion of mutation]
   514 | D:3      | Gained mutation: You are dopey. (Int -2) [potion of mutation]
   519 | D:3      | Noticed Ijyb
   527 | D:3      | Killed Ijyb
   527 | D:3      | Reached XP level 3. HP: 34/34 MP: 3/3
   692 | D:3      | Reached XP level 4. HP: 22/41 MP: 4/4
   700 | D:3      | Noticed Robin
   703 | D:3      | Reached ** piety under Lugonu
   711 | D:3      | Killed Robin
   762 | D:4      | Found Qer Own's Magic Scroll Emporium.
   776 | D:4      | Found Yrphee's Antique Armour Shoppe.
   835 | D:4      | Reached skill level 5 in Fighting
   851 | D:4      | Reached XP level 5. HP: 30/48 MP: 4/4
   942 | D:4      | Found a glowing drain.
   946 | Sewer    | Entered a sewer
  1120 | D:4      | Found Dasesawk's General Store.
  1137 | D:4      | Found Mutism's Jewellery Emporium.
  1156 | D:4      | Found Soepafae's General Store.
  1159 | D:4      | Bought a scroll of identify for 28 gold pieces
  1272 | D:5      | Entered Level 5 of the Dungeon
  1285 | D:5      | Noticed a phantom
  1296 | D:4      | Reached XP level 6. HP: 53/57 MP: 5/5
  1340 | D:6      | Noticed a yak
  1341 | D:6      | Noticed a yak
  1363 | D:5      | Killed a yak
  1363 | D:5      | Reached skill level 6 in Fighting
  1428 | D:5      | Reached skill level 5 in Axes
  1428 | D:5      | Reached skill level 5 in Armour
  1428 | D:5      | Reached XP level 7. HP: 39/64 MP: 6/6
  1539 | D:6      | Noticed Duvessa
  1539 | D:6      | Noticed Dowan
  1546 | D:6      | HP: 2/64 [Duvessa/short sword of electrocution (12)]
  1547 | D:6      | Mangled by Duvessa

Vault maps used:
D:1:      minmay_arrival_wavy_path
D:2:      wad_woods_stonehenge, first_bread
D:3:      uniq_robin, uniq_iyjb, uniq_grinder
D:4:      serial_shops, shop_statue, kennysheep_mini_moat, nicolae_shop_trees,
          shop, shop, gup_sewer_entry_bowl, grunt_ashenzari_visionary
D:6:      xom_redecorated, uniq_duvessa
Sewer:    sewer_co_tree

Skill      XL: |  1  2  3  4  5  6 |
---------------+-------------------+-----
Invocations    | 2 |  2.1
Fighting       | 4 5 6 |  6.4
Axes           | 3 4 5 |  5.1
Armour         | 3 4 5 |  5.0
Dodging        | 2 3 |  3.1
Stealth        | |  0.1

Action                   |  1- 3 |  4- 6 |  7- 9 || total
-------------------------+-------+-------+-------++-------
Melee: Hand axe          |    36 |   109 |    14 ||   159
       Headbutt          |     5 |    25 |     1 ||    31
Throw: Throwing net      |       |     1 |       ||     1
Invok: Depart the Abyss  |     1 |       |       ||     1
  Use: Scroll            |     3 |     1 |     2 ||     6
       Potion            |     1 |     1 |     2 ||     4
  Eat: Chunk             |       |     2 |       ||     2
Armor: Ring mail         |    12 |    28 |       ||    40
       Chain mail        |       |    25 |    14 ||    39
Dodge: Dodged            |    15 |    49 |     6 ||    70
